 Dungeon Crawl Stone Soup version 0.24.0-123-gd5b16e6ec5 (webtiles) character file.

Game seed: 5101254782306665929, levelgen mode: deterministic

44 FluffGlitter the Grave Robber (level 3, 0/24 HPs)
             Began as a Demonspawn Necromancer on Jan 12, 2020.
             Slain by a goblin
             ... wielding a +0 dagger
             ... led by Robin
              (6 damage)
             ... on level 2 of the Dungeon.
             The game lasted 00:15:08 (1733 turns).

FluffGlitter the Grave Robber (DsNe)                Turns: 1733, Time: 00:15:08

Health: 0/24       AC:  2    Str:  8    XL:     3   Next: 41%
Magic:  1/6        EV: 12    Int: 17    God:
Gold:   42         SH:  0    Dex: 13    Spells: 1/6 levels left

rFire    . . .     SeeInvis .   b - +0 spear
rCold    . . .     Gourm    .   (no shield)
rNeg     . . .     Faith    .   a - +0 robe
rPois    .         Spirit   .   (no helmet)
rElec    .         Reflect  .   (no cloak)
rCorr    .         Harm     .   (no gloves)
MR       .....                  (no boots)
Stlth    ++........             (no amulet)
HPRegen  0.08/turn              (no ring)
MPRegen  0.10/turn              (no ring)

@: no status effects
A: powered by death 1
a: no special abilities


You were on level 2 of the Dungeon.
You were not hungry.

You visited 1 branch of the dungeon, and saw 2 of its levels.

You collected 42 gold pieces.

Inventory:

Hand Weapons
 b - a +0 spear (weapon)
   (You found it on level 1 of the Dungeon)
 f - a +0 dagger
   (You took it off a kobold on level 1 of the Dungeon)
Missiles
 d - 69 stones (quivered)
 h - 5 boomerangs
Armour
 a - a +0 robe (worn)
 k - a +0 pair of gloves
   (You found it on level 1 of the Dungeon)
Scrolls
 g - 2 scrolls of identify {unknown}
 i - a scroll of teleportation {unknown}
 l - a scroll of immolation {unknown}
 n - a scroll of fog {unknown}
 o - a scroll of enchant armour {unknown}
Potions
 c - a potion of berserk rage {unknown}
 j - a potion of heal wounds {unknown}
 m - a potion of lignification {unknown}
Comestibles
 e - 2 rations {!d}
 p - 3 chunks of flesh


   Skills:
 + Level 2.3 Dodging
 + Level 2.3 Stealth
 + Level 2.4 Spellcasting
 + Level 4.7 Necromancy


You had one spell level left.
You knew the following spells:

 Your Spells              Type           Power        Failure   Level  Hunger
a - Pain                  Necr           ###.         2%          1    #......
b - Animate Skeleton      Necr           N/A          2%          1    #......
c - Vampiric Draining     Necr           ###.......   8%          3    ###....

Your spell library contained the following spells:

 Spells                   Type           Power        Failure   Level  Hunger
 Regeneration             Chrm/Necr      ##........   22%         3    ###....
 Animate Dead             Necr           N/A          26%         4    #####..


Dungeon Overview and Level Annotations

Branches:
Dungeon (2/15)

Altars:

Annotations:
D:2 Robin


Innate Abilities, Weirdness & Mutations

You regenerate a little health from kills.


Message History

You see here a chunk of flesh.
You closely miss the goblin. The goblin hits you.
You hit the goblin.
You kill the goblin!
Robin says, "Bow before me, strongest of all the hobgoblins!"
Robin throws the goblin at you! The goblin barely misses you.
The goblin wields a +0 hunting sling.
The goblin shoots a stone.
The stone closely misses you.
You see here a stone.
The goblin no longer looks unusually strong.
The goblin shoots a stone.
The stone hits you but does no damage.
You see here a stone.
Robin roars a battlecry!
The goblins go into a battle-frenzy!
A goblin comes into view. It is wielding a +0 dagger.
The goblin enters a dispersal trap!
The goblin blinks! x2; You blink.
The goblin blinks!
The goblin shoots a stone.
The stone barely misses you.
The stone hits the goblin.
The goblin unwields a +0 hunting sling.
The goblin completely misses you.
You see here a stone.
The goblin enters a dispersal trap!
The goblin blinks! x2; Robin blinks!
You blink.
The goblin blinks!
The goblin wields a +0 hunting sling.
The goblin shoots a stone.
The stone barely misses you.
The goblin shoots a stone.
The stone hits you.
* * * LOW HITPOINT WARNING * * *
You see here a stone.
Robin throws the goblin at you!
The goblin unwields a +0 hunting sling.
The goblin barely misses you.
Aim: a goblin (unusually strong)
You kill the goblin!
You feel life coursing into your body.
Aim: Robin, wielding a +3 whip of freezing, wearing a +0 animal skin and wearing a +0 helmet (chance to defeat MR: 84%) Robin barely resists.
The goblin enters a dispersal trap!
Robin blinks! x2
The goblin blinks! x2; You blink.
The goblin blinks!
The goblin completely misses you. The goblin hits you with a +0 dagger.
* * * LOW HITPOINT WARNING * * *
The goblin hits you with a +0 dagger.
* * * LOW HITPOINT WARNING * * *
The goblin barely misses you. Robin throws the goblin at you!
The goblin barely misses you. Robin throws the goblin at you!
Aim: a goblin, wielding a +0 dagger (unusually strong, chance to defeat MR: 89%)
The goblin writhes in agony.
The goblin no longer looks unusually strong.
The goblin hits you with a +0 dagger.
* * * LOW HITPOINT WARNING * * *
The goblin hits you with a +0 dagger.
You die...

###(♣..♣ ##..♣
##..♣♣ #...(♣
#.(♣)♣ ###^...♣
##.....(♣♣
###.####.g....♣.♣
#....g@g..####♣#..♣
.###### #..#####.##
### ....<.# ## #.#
.####.# #.# #.#
#.##.# .# #.#
#.#.###..# #.#
#####..##....# #.#
............# #.#
######.#...## #.#


You could see Robin and 2 goblins.

Vanquished Creatures
  A worm (D:2)
  2 dart slugs (D:1)
  A giant cockroach (D:2)
  7 goblins
  3 hobgoblins
  6 kobolds
  8 bats
  2 frilled lizards (D:1)
  4 rats
34 creatures vanquished.

Vanquished Creatures (collateral kills)
  A bat (D:1)
  A kobold (D:1)
  A rat (D:1)
3 creatures vanquished.

Grand Total: 37 creatures vanquished

Notes
Turn   | Place    | Note
-------+----------+-------------------------------------------
     0 | D:1      | FluffGlitter the Demonspawn Necromancer began the quest for
                  | the Orb.
     0 | D:1      | Reached XP level 1. HP: 13/13 MP: 3/3
   232 | D:1      | Learned a level 1 spell: Animate Skeleton
   417 | D:1      | Gained mutation: You regenerate a little health from kills.
                  | [demonic ancestry]
   417 | D:1      | Reached XP level 2. HP: 19/19 MP: 3/5
  1052 | D:1      | Reached XP level 3. HP: 24/24 MP: 6/6
  1236 | D:2      | Learned a level 3 spell: Vampiric Draining
  1696 | D:2      | Noticed Robin
  1733 | D:2      | Slain by a goblin

Levels and vault maps discovered:
D:1:      matt_arrival_grand_opening, layout_rooms
D:2:      layout_loops_ring, gammafunk_temple_overflow_statue,
          nicolae_overflow_hidden_temple, first_ration,
          chequers_ecumenical_altar_grove, serial_bayou_pond_a, uniq_robin

Skill      XL: |  1 |
---------------+----+-----
Stealth        | 2 |  2.3
Dodging        | 2 |  2.3
Spellcasting   | |  2.4
Necromancy     | |  4.7

Action                   || total
-------------------------++-------
Melee: Spear             ||    78
       Dagger            ||     1
Throw: Stone             ||     8
 Cast: Pain              ||    33
       Animate Skeleton  ||     9
       Vampiric Draining ||     3
 Stab: Sleeping          ||     3
  Eat: Chunk             ||     1
       Ration            ||     1
Armor: Robe              ||    23
Dodge: Dodged            ||    47
